Map: 宇宙藍寶石

Players

Nina - Winner!

  • Race: Protoss Protoss
  • League: Master
  • Spawn Location: 11:00

Rex

  • Race: Zerg Zerg
  • League: Diamond
  • Spawn Location: 5:00

Event: HomeStory Cup XXII

VOD

Have the link to the VOD?

Description

Time

  • Played on: Dec. 16, 2022, 6:07 a.m.
  • Length: 13:36

All games in this series

Show
View Real Time Build Order
Export as new Build Order

Nina Protoss - Winner!

Build Orders: 1 Gate Expand, Oracle Opening, Carriers, Zealot Archon 

Get SALT Encoding   

  12  0:00  Probe  
  13  0:12  Probe  
  14  0:17  Pylon  
  14  0:25  Probe (Chrono Boost)  
  15  0:37  Probe (Chrono Boost)  
  15  0:38  Gateway  
  16  0:46  Probe (Chrono Boost)  
  16  0:47  Assimilator  
  17  0:51  Probe  
  18  1:03  Probe  
  19  1:15  Probe  
  20  1:27  Nexus  
  20  1:35  Cybernetics Core  
  20  1:37  Probe  
  21  1:45  Assimilator  
  21  1:49  Probe  
  21  1:53  Pylon  
  22  2:01  Probe (Chrono Boost)  
  23  2:12  Adept  
  23  2:13  Probe (Chrono Boost)  
  26  2:18  Stargate  
  26  2:22  Probe (Chrono Boost)  
  27  2:27  Probe  
  27  2:28  Warp Gate  
  28  2:39  Probe x2 (Chrono Boost)  
  28  2:42  Adept  
  32  2:49  Probe x2 (Chrono Boost)  
  34  2:54  Probe (Chrono Boost)  
  34  2:56  Probe  
  36  3:03  Oracle (Chrono Boost)  
  39  3:05  Probe  
  39  3:08  Probe  
  41  3:15  Adept  
  41  3:18  Probe, Pylon  
  44  3:20  Probe  
  45  3:30  Probe  
  46  3:34  Oracle (Chrono Boost)  
  46  3:36  Probe  
  50  3:42  Nexus  
  50  3:44  Probe  
  50  3:46  Pylon  
  51  3:48  Probe  
  52  3:58  Probe  
  52  3:59  Gateway  
  53  4:03  Probe  
  53  4:04  Assimilator  
  53  4:05  Oracle  
  53  4:06  Assimilator  
  57  4:12  Probe (Chrono Boost)  
  57  4:17  Probe (Chrono Boost)  
  59  4:18  Twilight Council  
  59  4:23  Gateway  
  59  4:25  Gateway  
  59  4:29  Probe (Chrono Boost)  
  59  4:30  Probe (Chrono Boost)  
  61  4:34  Pylon  
  61  4:35  Probe  
  64  4:53  Probe (Chrono Boost), Blink (Chrono Boost), Pylon  
  64  4:54  Stalker x2  
  64  4:56  Probe x2 (Chrono Boost)  
  69  5:05  Probe (Chrono Boost)  
  72  5:08  Probe x2 (Chrono Boost)  
  72  5:09  Probe (Chrono Boost)  
  73  5:17  Probe x2  
  73  5:18  Stalker x3  
  73  5:20  Probe  
  82  5:21  Stalker  
  84  5:29  Probe x2  
  84  5:30  Pylon  
  87  5:41  Probe, Stalker x2  
  91  5:43  Stalker  
  91  5:49  Probe  
  94  5:53  Probe  
  94  5:54  Probe  
  95  6:01  Probe  
  92  6:05  Probe, Stalker x3  
  92  6:09  Probe  
  93  6:11  Templar Archives  
  93  6:13  Probe  
  93  6:16  Assimilator x2  
  94  6:19  Shield Battery  
  94  6:21  Probe (Chrono Boost)  
  94  6:25  Gateway  
  93  6:26  Gateway  
  93  6:30  Gateway  
  93  6:32  Forge, Pylon  
  94  6:33  Zealot  
  94  6:34  Zealot x2, Gateway  
  94  6:35  Probe (Chrono Boost)  
  94  6:37  Psionic Storm  
  100  6:40  Nexus  
  100  6:42  Pylon  
  100  6:47  Pylon  
  100  6:50  Probe x2  
  100  6:53  Protoss Ground Weapons Level 1 (Chrono Boost)  
  102  6:55  Shield Battery  
  102  6:56  High Templar x3  
  102  6:57  Probe  
  102  7:00  Charge  
  109  7:02  Pylon  
  109  7:03  Pylon  
  109  7:15  Zealot  
  111  7:20  Probe x2  
  113  7:26  Nexus  
  113  7:29  Probe (Chrono Boost)  
  114  7:30  Photon Cannon  
  114  7:35  High Templar  
  114  7:36  Shield Battery, Photon Cannon  
  116  7:38  Probe (Chrono Boost)  
  116  7:39  Photon Cannon  
  118  7:48  Probe (Chrono Boost)  
  118  7:50  Probe (Chrono Boost)  
  118  7:51  High Templar x3  
  124  7:52  Probe (Chrono Boost), High Templar  
  124  7:53  Zealot x3  
  134  7:59  Archon, Gateway  
  134  8:00  Archon  
  134  8:02  Gateway, Pylon  
  134  8:03  Probe  
  135  8:06  Probe, Pylon  
  135  8:07  Photon Cannon  
  135  8:08  High Templar  
  135  8:09  Shield Battery, Assimilator  
  135  8:12  Pylon  
  138  8:13  Probe, Assimilator  
  138  8:14  Pylon  
  138  8:15  Pylon  
  139  8:20  Zealot x3  
  139  8:22  Robotics Facility  
  139  8:23  Probe  
  146  8:33  Fleet Beacon  
  146  8:40  Stargate  
  144  8:41  Zealot x4  
  145  8:52  Probe  
  145  8:54  Probe  
  147  8:56  Probe  
  144  9:03  Protoss Ground Weapons Level 2 (Chrono Boost)  
  144  9:04  Zealot  
  146  9:11  Observer  
  146  9:13  Zealot x4  
  146  9:15  Probe  
  156  9:18  Protoss Air Weapons Level 1 (Chrono Boost)  
  156  9:20  Probe  
  147  9:26  Carrier (Chrono Boost), Photon Cannon  
  147  9:27  Probe  
  147  9:28  Shield Battery, Photon Cannon, Pylon  
  154  9:39  Zealot x5  
  154  9:44  Observer (Chrono Boost)  
  154  9:45  Probe  
  139  10:06  Carrier (Chrono Boost)  
  139  10:09  Stargate  
  139  10:14  Zealot x7  
  145  10:21  Carrier (Chrono Boost), Zealot x3  
  141  10:34  High Templar x4  
  147  10:36  High Templar  
  147  10:37  High Templar  
  147  10:41  Archon  
  151  10:46  Zealot  
  151  10:47  Zealot  
  151  10:49  Zealot x2  
  136  11:00  Archon  
  136  11:03  Carrier  
  134  11:08  Zealot x6  
  142  11:15  Zealot  
  142  11:16  Zealot x3  
  146  11:25  Carrier  
  148  11:30  High Templar x4  
  148  11:31  High Templar  
  158  11:36  Photon Cannon  
  158  11:38  Nexus  
  158  11:48  Pylon  
  158  11:51  Pylon  
  154  11:56  Observer  
  154  12:01  Zealot x4  
  154  12:02  Zealot  
  164  12:09  Shield Battery  
  164  12:11  Photon Cannon  
  164  12:12  Carrier, High Templar x3  
  164  12:13  Photon Cannon, High Templar  
  172  12:16  Archon  
  172  12:17  Archon  
  178  12:37  Zealot x3  
  166  12:54  Zealot  
  166  12:55  Zealot x3, Assimilator  
  166  12:56  Assimilator  
  180  13:11  Zealot x3  
  170  13:18  Zealot x3  
Show
View Real Time Build Order
Export as new Build Order

Rex Zerg 

Build Orders: Hatch First 

Get SALT Encoding   

  12  0:00  Drone  
  13  0:12  Overlord  
  13  0:16  Drone  
  14  0:31  Drone  
  14  0:32  Drone  
  16  0:49  Hatchery  
  15  0:51  Drone  
  15  0:54  Drone  
  17  0:58  Drone  
  18  1:08  Extractor  
  17  1:13  Spawning Pool  
  17  1:15  Drone  
  17  1:19  Drone  
  18  1:27  Drone  
  19  1:39  Drone  
  20  1:50  Overlord  
  20  2:00  Queen  
  20  2:01  Zergling x4, Queen  
  26  2:10  Metabolic Boost  
  26  2:12  Drone  
  26  2:13  Drone  
  28  2:21  Drone  
  29  2:25  Drone  
  30  2:36  Hatchery  
  29  2:41  Drone  
  29  2:42  Drone  
  31  2:46  Queen  
  31  2:50  Overlord  
  33  2:53  Drone  
  33  2:55  Drone  
  33  2:58  Drone  
  36  3:06  Overlord  
  36  3:09  Queen  
  38  3:13  Drone x3  
  38  3:17  Zergling x4  
  43  3:25  Drone  
  43  3:26  Queen  
  46  3:32  Drone x2  
  48  3:40  Drone x4  
  51  3:46  Evolution Chamber  
  51  3:47  Drone  
  51  3:55  Zergling x4  
  52  3:56  Drone  
  52  3:57  Queen  
  52  3:59  Drone x3  
  57  4:12  Spore Crawler  
  57  4:16  Spore Crawler, Queen  
  57  4:17  Zerg Melee Weapons Level 1  
  57  4:24  Overlord x4  
  57  4:36  Drone x3  
  57  4:42  Drone  
  57  4:43  Drone x2  
  57  4:44  Drone  
  57  4:45  Drone x5  
  61  4:50  Drone  
  64  4:53  Drone  
  64  4:57  Drone x3  
  68  5:03  Drone x3  
  68  5:08  Drone x2  
  68  5:13  Hatchery  
  69  5:15  Overlord  
  69  5:18  Lair  
  69  5:20  Zergling x4  
  71  5:24  Drone x2  
  73  5:28  Drone  
  73  5:29  Drone x2  
  73  5:32  Zergling x2  
  76  5:38  Extractor  
  76  5:40  Spore Crawler, Zergling x10, Extractor  
  78  5:43  Zergling x6  
  78  5:48  Zergling x4  
  83  5:51  Overlord  
  83  5:58  Zergling x6  
  83  6:02  Zergling x8  
  88  6:10  Drone x5  
  91  6:12  Extractor x2  
  91  6:16  Drone  
  88  6:20  Hydralisk Den  
  88  6:21  Zergling x8  
  88  6:22  Baneling Nest  
  88  6:23  Drone  
  87  6:27  Overseer  
  87  6:29  Drone x4  
  87  6:32  Drone x3, Extractor  
  94  6:33  Drone  
  94  6:38  Zergling x8  
  94  6:39  Drone x2  
  97  6:40  Zerg Melee Weapons Level 2  
  97  6:46  Drone x3  
  100  6:48  Spore Crawler, Drone  
  99  6:55  Drone  
  99  6:56  Grooved Spines  
  99  6:57  Drone  
  99  6:58  Drone x2  
  99  7:00  Overlord x4  
  103  7:01  Overlord  
  103  7:04  Overlord  
  103  7:08  Centrifugal Hooks  
  103  7:16  Overlord  
  103  7:21  Hydralisk  
  103  7:22  Hydralisk x5  
  111  7:28  Drone  
  112  7:32  Drone x3  
  112  7:33  Overlord  
  112  7:36  Hatchery  
  114  7:37  Hydralisk x2  
  114  7:42  Hydralisk x3  
  124  7:44  Overlord  
  124  7:47  Overlord  
  124  7:52  Drone x2  
  124  7:53  Zergling x8  
  130  8:01  Zergling x18  
  139  8:07  Muscular Augments  
  139  8:09  Zergling x14  
  139  8:10  Zergling x4  
  148  8:16  Baneling x8  
  148  8:19  Zergling x8  
  152  8:23  Zergling x8  
  154  8:29  Zergling x16  
  160  8:35  Baneling x5  
  160  8:36  Baneling x11  
  160  8:38  Zergling x8  
  163  8:47  Zergling x8  
  150  8:52  Zergling x10, Baneling  
  150  8:53  Baneling x10, Overlord  
  154  8:57  Hydralisk  
  154  8:58  Hydralisk x3  
  154  9:02  Hydralisk  
  160  9:03  Zergling x2  
  160  9:05  Baneling x6  
  161  9:12  Zergling x2  
  161  9:13  Zergling x12  
  165  9:21  Zergling x12  
  165  9:23  Baneling x3  
  165  9:24  Baneling x9  
  166  9:28  Zergling x10  
  154  9:44  Zerg Missile Weapons Level 1  
  154  9:45  Drone  
  148  9:47  Baneling x15  
  148  9:49  Zergling x4  
  140  9:53  Zergling x2, Drone x6  
  140  9:54  Zergling x10  
  140  9:57  Hydralisk x2  
  147  10:02  Zergling x10, Infestation Pit  
  147  10:03  Baneling x3  
  151  10:07  Zergling x2, Drone  
  151  10:08  Zergling x2, Extractor  
  151  10:09  Zergling x2  
  151  10:11  Baneling x5  
  154  10:16  Zergling x2, Drone  
  154  10:20  Zergling x8  
  151  10:22  Zergling x12  
  151  10:27  Zergling x4  
  152  10:29  Zergling x6  
  152  10:31  Baneling x2  
  152  10:32  Zergling x4  
  152  10:35  Baneling x6  
  155  10:42  Zergling x10  
  160  10:48  Zergling x10  
  154  10:59  Hydralisk  
  154  11:00  Hydralisk x8  
  154  11:02  Hydralisk x3  
  168  11:07  Hydralisk x2  
  165  11:13  Hydralisk x2  
  165  11:14  Queen x2  
  165  11:15  Hydralisk  
  165  11:18  Hydralisk  
  151  11:22  Zergling x2  
  151  11:23  Queen x2  
  151  11:25  Hydralisk x2  
  136  11:27  Zergling x10  
  136  11:30  Zergling x4  
  136  11:32  Extractor  
  144  11:33  Zergling x2  
  144  11:35  Zergling x6  
  144  11:38  Zergling x2  
  149  11:40  Hydralisk  
  149  11:41  Zergling x2  
  149  11:42  Zergling x2  
  149  11:43  Baneling x2  
  149  11:46  Zergling x2, Drone  
  155  11:47  Zergling x2  
  155  11:48  Zergling x2  
  157  11:54  Zergling x2  
  157  12:00  Zergling x8  
  155  12:03  Hive  
  155  12:05  Zergling x6  
  158  12:09  Zergling x10  
  158  12:15  Baneling x15  
  163  12:16  Zergling x8  
  163  12:17  Zergling x2  
  163  12:20  Baneling x2  
  165  12:24  Zergling x2  
  165  12:27  Spine Crawler  
  165  12:28  Spore Crawler  
  161  12:30  Zergling x2, Baneling x14  
  161  12:31  Zergling x4  
  158  12:38  Zergling x14  
  158  12:45  Zergling x2  
  158  12:46  Zergling x14  
  158  12:49  Queen  
  168  12:57  Zergling x2  
  168  12:58  Zergling x8  
  172  12:59  Baneling x8  
  172  13:02  Baneling x2  
  172  13:05  Zergling x2, Baneling x4  
  172  13:06  Zergling x8  
Tags
 
Add a new tag
Caveats
  • Supply blocks, unpowered buildings, or Contaminate may cause inaccurate times.
  • Supply counts are checked every 10 seconds.